 Dungeon Crawl Stone Soup version 0.26-a0-712-ga5a9c9c9d0 (webtiles) character file.

Game seed: 5836841693597203239

280 Azzok the Chopper (level 6, -4/47 HPs)
             Began as a Demonspawn Berserker on Nov 8, 2020.
             Was a Priest of Trog.
             Killed by divine providence
             ... invoked by an orc priest
              (13 damage)
             ... on level 4 of the Dungeon.
             The game lasted 00:04:05 (2697 turns).

Azzok the Chopper (Demonspawn Berserker)            Turns: 2697, Time: 00:04:05

Health: -4/47      AC:  9    Str: 19    XL:     6   Next: 5%
Magic:  6/6        EV: 10    Int:  9    God:    Trog [***...]
Gold:   136        SH:  0    Dex: 12    Spells: 5/5 levels left

rFire    . . .     SeeInvis .   w - +0 dagger (venom)
rCold    . . .     Faith    .   (no shield)
rNeg     . . .     Spirit   .   k - +0 scale mail
rPois    .         Reflect  .   (no helmet)
rElec    .         Harm     .   (no cloak)
rCorr    .         Rampage  .   (no gloves)
MR       .....                  d - +0 pair of boots
Stlth    ..........             (no amulet)
HPRegen  0.15/turn              (no ring)
MPRegen  0.10/turn              (no ring)

@: berserk cooldown, slowed, very slow
A: hooves 1, slimy green scales 1, powered by death 1
a: Berserk, Trog's Hand, Renounce Religion


You were on level 4 of the Dungeon.
You worshipped Trog.
Trog was most pleased with you.
You visited 1 branch of the dungeon, and saw 4 of its levels.

You collected 136 gold pieces.

Inventory:

Hand Weapons
 a - a +0 hand axe
 w - a +0 dagger of venom (weapon)
Missiles
 s - 6 javelins (quivered)
Armour
 d - a +0 pair of boots (worn)
 k - a +0 scale mail (worn)
Jewellery
 y - the amulet "Vucupit" {Reflect +Fly rC+ Str-5 Slay+2 SH+5, unknown}
   (You found it on level 4 of the Dungeon)

   [amulet of reflection]

   It shields you and reflects attacks.
   It affects your strength (-5).
   It affects your accuracy and damage with ranged weapons and melee attacks
   (+2).
   It protects you from cold.
   It lets you fly.
   It affects your SH (+5).
Wands
 u - a wand of random effects (7)
 v - a wand of digging (6)
Scrolls
 b - 4 scrolls of identify {unknown}
 c - a scroll of blinking {unknown}
 e - a scroll of immolation {unknown}
 f - a scroll of magic mapping {unknown}
 g - a scroll of enchant weapon {unknown}
 j - 2 scrolls of enchant armour {unknown}
 l - 3 scrolls of amnesia {unknown}
 n - a scroll of teleportation {unknown}
 o - 2 scrolls of fear {unknown}
 t - a scroll of remove curse {unknown}
Potions
 h - 3 potions of lignification {unknown}
 i - a potion of invisibility {unknown}
 m - a potion of flight {unknown}
 p - a potion of heal wounds {unknown}
 q - a potion of mutation {unknown}
 r - 2 potions of degeneration {unknown}
 x - a potion of cancellation {unknown}


   Skills:
 - Level 3.0 Fighting
 + Level 6.2 Axes
 - Level 1.7 Armour
 - Level 1.7 Dodging


You had 5 spell levels left.
You didn't know any spells.
Your spell library was empty.

Dungeon Overview and Level Annotations

Branches:
Dungeon (4/15)
 Temple: D:4-7

Altars:
Elyvilon
Hepliaklqana
Ru


Innate Abilities, Weirdness & Mutations

You have large cloven feet.
You are partially covered in slimy green scales. (AC +2)
You regenerate a little health from kills.


Message History

Beogh smites you!
* * * LOW HITPOINT WARNING * * *
The orc wizard hits you but does no damage.
You puncture the orc wizard!
You kill the orc wizard!
Trog accepts your kill.
Trog appreciates your killing of a magic user.
You have reached level 6!
Your experience leads to an increase in your attributes!
Increase (S)trength, (I)ntelligence, or (D)exterity?
You feel stronger.
Your demonic ancestry asserts itself...
Your feet thicken and deform.
An orc comes into view. It is wielding a -1 short sword.
You feel a strong urge to attack something.
You feel your anger nearly subside.
You are no longer berserk.
You are exhausted.
You feel yourself slow down.
The orc priest invokes the aid of Beogh against you.
Beogh smites you!
You die...

·▒▒▒··▒▒▒ ···o···'
·····o▒ ··· ·)···▒ ···
▒▒▒▒▒▒ ▒···▒ ▒····
▒·····▒▒▒▒▒▒▒▒···▒▒▒····
·····?·······▒)·········
·······@····oo)·········
·············▒··········
▒▒╬▒▒·▒▒▒▒▒▒▒▒▒▒▒·▒▒····
▒▒ ▒·▒▒···· ▒······)
▒······· ▒·······
▒······· ▒·······


You could see an orc priest and an orc.

Vanquished Creatures
  2 orc priests (D:4)
  An orc wizard (D:4)
  Jessica (D:3)
  6 adders
  3 river rats (D:3)
  4 worms
  A dart slug (D:1)
  A leopard gecko (D:2)
  2 orcs (D:4)
  6 bats
  3 giant cockroaches (D:1)
  7 hobgoblins
  7 jackals
  7 kobolds
  2 quokkas
  A ball python (D:2)
  2 frilled lizards (D:3)
  13 goblins
  4 rats
73 creatures vanquished.

Vanquished Creatures (others)
  4 plants (D:2)
4 creatures vanquished.

Grand Total: 77 creatures vanquished

Notes
Turn   | Place    | Note
-------+----------+-------------------------------------------
     0 | D:1      | Azzok the Demonspawn Berserker began the quest for the Orb.
     0 | D:1      | Reached XP level 1. HP: 18/18 MP: 1/1
    64 | D:1      | Reached skill level 3 in Axes
    92 | D:1      | You fall into a shaft and drop 1 floor!
    97 | D:2      | Gained mutation: You are partially covered in slimy green
                  | scales. (AC +2) [demonic ancestry]
    97 | D:2      | Reached XP level 2. HP: 24/24 MP: 2/2
   771 | D:2      | Found a white marble altar of Elyvilon.
   868 | D:2      | Reached XP level 3. HP: 21/29 MP: 3/3
   882 | D:2      | Reached ** piety under Trog
  1238 | D:2      | Reached skill level 4 in Axes
  1707 | D:3      | Gained mutation: You regenerate a little health from kills.
                  | [demonic ancestry]
  1707 | D:3      | Reached XP level 4. HP: 30/35 MP: 4/4
  1791 | D:3      | Found a hazy altar of Hepliaklqana.
  2057 | D:3      | Noticed Jessica
  2058 | D:3      | Found a sacrificial altar of Ru.
  2079 | D:3      | Killed Jessica
  2079 | D:3      | Reached skill level 5 in Axes
  2219 | D:3      | Reached XP level 5. HP: 36/41 MP: 5/5
  2397 | D:4      | Reached *** piety under Trog
  2678 | D:4      | Got a sparkling bone amulet
  2688 | D:4      | Reached skill level 6 in Axes
  2690 | D:4      | Gained mutation: You have large cloven feet. [demonic
                  | ancestry]
  2690 | D:4      | Reached XP level 6. HP: 12/47 MP: 6/6
  2697 | D:4      | Killed from afar by an orc priest

Illustrated notes

Levels and vault maps discovered:
D:1:      minmay_arrival_stair_chambers, layout_basic,
          chequers_decorated_corner, corexii_corridor_pit, minmay_circled_x
D:2:      layout_loops_ring, elyvilon_altar_4, serial_bayou_ford_a,
          minmay_misc_feat_tower
D:3:      layout_basic, hangedman_ru_absence, overflow_temple_1_default,
          gup_sewer_entry_spiral, uniq_jessica
D:4:      layout_gridville, overflow_temple_1_default, serial_shops, shop_statue

Skill      XL: |  1  2  3  4  5 |
---------------+----------------+-----
Axes           | 3 4 5 6 |  6.2
Fighting       | |  3.0
Armour         | |  1.7
Dodging        | |  1.7

Action                   |  1- 3 |  4- 6 || total
-------------------------+-------+-------++-------
Melee: Hand axe          |   137 |    38 ||   175
       Dagger            |       |    94 ||    94
Invok: Berserk           |     2 |     1 ||     3
Armor: Ring mail         |    28 |       ||    28
       Scale mail        |    54 |    70 ||   124
Dodge: Dodged            |    89 |    66 ||   155

Table legend: (Time is in decaauts)
 A = Elapsed time spent in this place.
 B = Non-inter-level travel time spent in this place.
 C = Inter-level travel time spent in this place.
 D = Time resting spent in this place.
 E = Time spent auto-exploring this place.
 F = Levels seen in this place.
 G = Mean time per level.
                   A        B        C        D        E       F      G
               +--------+--------+--------+--------+--------+-----+--------+
         Total |   2784 |   2680 |    104 |     99 |   1992 |   4 |  696.0 |
       Dungeon |   2784 |   2680 |    104 |     99 |   1992 |   4 |  696.0 |
               +--------+--------+--------+--------+--------+-----+--------+

Top non-repeatable levels by time:
     D:2: 942 daAuts
     D:3: 811 daAuts
     D:1: 707 daAuts
     D:4: 323 daAuts
